Unix NetHack Version 3.7.0-97 Work-in-progress - last build Feb 8 2024 15:05:57 (6d6cdf8371b60126770a3d7b88910941cb14a054,branch:master). Game began 2024-02-11 12:35:10, ended 2024-02-11 17:24:19. nurdglaw, chaotic female human Rogue -------------- ----- #.............| ----- |....# ##|..........(.| *-...| |%..|#####.............| [*|...| |...| ####|............| #|...| ------------- |.>.-## #.%....`......| %|.((| |...........-# --.-- #---------|---- *----- |...........|##### ### # ## ### |...........| # ## # ## # |...........- # ## # ## # ---|--------- # ######## # # # # # ## -------+----.--# # # ### # ###### |..............### -.---- --.--# # |.............|# |....| #########+....# # |..............# |..^.-#### |...-# # |.............|### |....|####S@## ....| ##-..<...........# # |....|# # #####-...| --------------- # ------# |...| ########### ---.- # Nurdglaw the Rogue St:13 Dx:17 Co:13 In:14 Wi:9 Ch:12 Chaotic S:2058 Dlvl:6 $:132 HP:0(36) Pw:15(15) AC:4 Xp:6/404 T:5275 Burdened Latest messages: What do you want to write in the dust here? Elbereth The dog bites it. Something is written here in the dust. You read: "Elber!th". You see no objects here. What do you want to write with? [- abgjlmoB-E or ?*] - Do you want to add to the current engraving? [ynq] (y) n You wipe out the message that was written in the dust here. You write in the dust with your fingertip. What do you want to write in the dust here? Elbereth Something is written here in the dust. You read: "Elberet&". You see no objects here. What do you want to write with? [- abgjlmoB-E or ?*] - Do you want to add to the current engraving? [ynq] (y) n You wipe out the message that was written in the dust here. You write in the dust with your fingertip. What do you want to write in the dust here? Elbereth The dog bites it. The dog misses it. The dog misses it. The dog bites it. The dog eats a giant rat corpse. You stop searching. Something is written here in the dust. You read: "Embereth". You see no objects here. What do you want to write with? [- abgjlmoB-E or ?*] - Do you want to add to the current engraving? [ynq] (y) n You wipe out the message that was written in the dust here. You write in the dust with your fingertip. What do you want to write in the dust here? Elbereth The snake turns to flee. The dog bites it. It misses the dog. The dog misses it. The dog bites it. The snake turns to flee. You stop waiting. In what direction? h The dagger hits the snake. The snake bites! The snake's bite was poisoned! You hear the howling of the CwnAnnwn... You die... Do you want your possessions identified? [ynq] (y) y Do you want to see your attributes? [ynq] (y) y Do you want an account of creatures vanquished? [ynaq] (y) y Do you want to see your conduct and achievements? [ynq] (y) y Do you want to see the dungeon overview? [ynq] (y) y Inventory: Coins $ - 132 gold pieces Weapons o - 17 uncursed +0 darts named not cursed b - 6 uncursed +0 daggers (at the ready) j - an uncursed +0 orcish dagger (weapon in right hand) a - an uncursed +0 short sword (alternate weapon; not wielded) Armor F - an uncursed +0 dwarvish iron helm (being worn) G - an uncursed +0 pair of iron shoes y - an uncursed +0 pair of water walking boots (being worn) x - a cursed +0 dwarvish cloak named prolly cursed c - an uncursed +1 leather armor named prayed on turn 4632 (being worn) Comestibles I - an uncursed partly eaten food ration s - 2 uncursed tripe rations Scrolls J - an uncursed scroll of blank paper L - an uncursed scroll of enchant armor r - an uncursed scroll of light Potions f - a blessed potion of healing e - 2 uncursed potions of healing Rings g - an uncursed ring of polymorph control Wands l - an uncursed wand of magic missile (0:0) Tools h - an uncursed sack containing 4 items A - an uncursed figurine of a barrow wight M - an uncursed leash k - an uncursed lock pick H - an uncursed magic lamp n - an uncursed mirror z - an uncursed stethoscope K - an uncursed tin opener q - an uncursed tin whistle Gems/Stones m - an uncursed agate stone B - an uncursed worthless piece of black glass C - an uncursed worthless piece of green glass D - an uncursed worthless piece of white glass E - an uncursed worthless piece of yellowish brown glass Contents of the sack: an uncursed scroll of identify an uncursed spellbook of magic missile named not cursed an uncursed potion of healing named not cursed an uncursed +0 pick-axe Nurdglaw the Rogue's attributes: Background: You were a Rogue, level 6 female human. You were chaotic, on a mission for Kos who was opposed by Issek (lawful) and Mog (neutral). You were right-handed. You were in the Dungeons of Doom, on level 6. You entered the dungeon 5275 turns ago. There was a new moon in effect when your adventure ended. You had 404 experience points, 236 more were needed to attain level 7. Your score was 2058 before end-of-game adjustments. Basics: You had 0 out of 36 hit points. You had all 15 energy points (spell power). Your armor class was 4. Your wallet contained 132 zorkmids. Autopickup was on for '$' plus thrown. Final Characteristics: Your strength was 13 (limit:18/100). Your dexterity was 17 (limit:18). Your constitution was 13 (limit:18). Your intelligence was 14 (limit:18). Your wisdom was 9 (limit:18). Your charisma was 12 (limit:18). Final Status: You weren't hungry. You were burdened; movement was slightly slowed. You were wielding a dagger. You were skilled in dagger. Final Attributes: You were piously aligned. You were stealthy. You could walk on water. You were warded. You are dead. Miscellaneous: You never encountered a bones level. Total elapsed playing time was 3 hours, 14 minutes and 13 seconds. Major events: Turn 1: nurdglaw the chaotic female human Rogue entered the dungeon 977: attained the rank of Cutpurse (level 3) 1740: entered the Gnomish Mines 4727: attained the rank of Rogue (level 6) 5275: killed by a snake Vanquished creatures: a dwarf leader a bugbear a water nymph a rock piercer a pony a fog cloud a yellow light a shrieker 2 violet fungi a gnome leader a gnomish wizard a ghoul a paper golem a floating eye a dwarf a homunculus 9 rothes a monkey an orc zombie an iguana a coyote a large kobold a hobgoblin 4 giant rats a brown mold a yellow mold 3 red molds 6 gnomes 4 garter snakes a gnome zombie 6 geckos 11 jackals a fox 3 kobolds 6 goblins 2 sewer rats 7 grid bugs a bat 7 newts 96 creatures vanquished. No species were genocided or became extinct. Voluntary challenges: You read items or engraved 21 times. You engraved Elbereth 15 times. You never genocided any monsters. You never polymorphed an object. You never changed form. You used no wishes. Achievements: You attained the rank of Cutpurse. You entered a shop. You entered the Gnomish Mines. You attained the rank of Rogue. The Dungeons of Doom: levels 1 to 7 Level 1: A fountain. Level 2: "bars" Level 3: "buried treasure" A general store, a sink. Level 4: "stash" Stairs down to The Gnomish Mines. Level 5: A fountain. Level 6: "hardware shop" <- You were here. Final resting place for you, killed by a snake. Level 7: A fountain. The Gnomish Mines: Level 5: Game over: ---------- / \ / REST \ / IN \ / PEACE \ / \ | nurdglaw | | 132 Au | | killed by a | | snake | | | | | | 2024 | *| * * * | * _________)/\\_//(\/(/\)/\//\/|_)_______ Goodbye nurdglaw the Rogue... You died in The Dungeons of Doom on dungeon level 6 with 2045 points, and 132 pieces of gold, after 5275 moves. You were level 6 with a maximum of 36 hit points when you died.